Map: King Sejong Station LE

Players

SortOf - Winner!

  • Race: Zerg Zerg
  • League: Master

LiquidTLO (TLO)

  • Race: Zerg Zerg
  • League: Master

Event: DreamHack ZOWIE Open Valencia 2016

VOD

Have the link to the VOD?

Description

Time

  • Played on: July 16, 2016, 5:18 a.m.
  • Length: 5:06

All games in this series

Show
View Real Time Build Order
Export as new Build Order

SortOf Zerg - Winner!

Build Orders: Hatch First 

Get SALT Encoding   

  12  0:00  Drone  
  13  0:12  Overlord  
  13  0:17  Drone  
  14  0:31  Drone x2  
  14  0:34  Drone  
  17  0:52  Hatchery  
  17  0:55  Drone  
  17  0:58  Drone  
  17  1:03  Extractor  
  17  1:13  Spawning Pool  
  17  1:16  Drone  
  17  1:19  Drone  
  18  1:29  Drone  
  19  1:38  Overlord  
  19  1:57  Drone  
  19  2:00  Queen  
  19  2:01  Zergling x2  
  23  2:04  Queen  
  23  2:05  Metabolic Boost  
  23  2:08  Zergling x2  
  26  2:12  Drone  
  27  2:17  Drone  
  28  2:25  Zergling x2  
  29  2:32  Zergling x2  
  30  2:40  Zergling x2, Hatchery  
  30  2:44  Zergling x4  
  32  2:49  Zergling x2  
  33  3:00  Baneling Nest, Overlord  
  33  3:03  Zergling x2  
  33  3:05  Zergling x2  
  33  3:11  Zergling x6  
  36  3:18  Overlord  
  36  3:22  Zergling x2  
  36  3:26  Zergling x2  
  38  3:30  Zergling x2  
  38  3:32  Zergling x2  
  40  3:39  Zergling x4  
  42  3:41  Zergling x2  
  42  3:48  Zergling x4  
  45  3:50  Drone  
  45  3:53  Zergling x2  
  47  3:56  Zergling x2  
  47  4:00  Zergling x2  
  47  4:02  Zergling x2  
  50  4:05  Zergling x2  
  51  4:10  Baneling  
  50  4:17  Zergling x2  
  50  4:18  Zergling x4  
Show
View Real Time Build Order
Export as new Build Order

LiquidTLO Zerg 

Build Orders: Hatch First 

Get SALT Encoding   

  12  0:00  Drone  
  13  0:12  Overlord  
  13  0:17  Drone  
  14  0:30  Drone  
  14  0:32  Drone  
  14  0:35  Drone  
  17  0:51  Hatchery  
  17  0:55  Drone  
  17  1:08  Spawning Pool  
  16  1:12  Drone  
  16  1:15  Drone  
  16  1:16  Extractor  
  17  1:19  Drone  
  18  1:29  Drone  
  19  1:38  Overlord  
  19  1:54  Queen  
  19  1:55  Zergling x2  
  22  2:03  Queen  
  24  2:08  Drone x2  
  24  2:13  Drone  
  24  2:15  Drone  
  28  2:21  Drone  
  29  2:25  Drone  
  30  2:33  Drone  
  30  2:34  Evolution Chamber  
  30  2:35  Drone  
  31  2:41  Lair  
  31  2:45  Roach Warren  
  31  2:46  Drone  
  31  2:52  Overlord  
  31  3:00  Drone  
  31  3:02  Drone x3  
  31  3:03  Drone  
  36  3:09  Overlord  
  36  3:11  Drone  
  37  3:20  Drone  
  37  3:21  Drone, Extractor  
  37  3:24  Drone  
  37  3:26  Roach  
  41  3:28  Roach  
  41  3:30  Drone  
  44  3:38  Extractor  
  43  3:42  Drone x3  
  43  3:44  Roach x2  
  43  3:46  Drone  
  51  3:49  Drone  
  51  3:51  Overlord  
  51  3:55  Overlord  
  52  3:59  Overlord  
  52  4:04  Overlord  
  52  4:08  Overlord  
  52  4:10  Extractor  
  52  4:14  Roach  
  52  4:15  Roach x2  
  56  4:18  Roach  
  56  4:21  Roach  

Tags
 
Add a new tag
Caveats
  • Supply blocks, unpowered buildings, or Contaminate may cause inaccurate times.
  • Supply counts are checked every 10 seconds.